cohdb
Replays
Latest Replays
All Replays
Popular Replays
Top Player Replays
Match Explorer
How It Works
Community
CoH3 Stats
Reddit
Sign in to upload your games and track your stats! →
Sign in with Steam
Match 43680738
Unlisted
Match 43680738
Overview
Messages
Build Orders
End
Construct Infanterie Kompanie
Selects Italian Coastal Battlegroup
Selects Coastal Reserves
Coastal Reserve
Grenadier Squad
Grenadier Squad
GrW 34 Mortar Team
Selects Designate Defensive Line
Construct Panzergrenadier Kompanie
Panzergrenadier Squad
Selects Rapid Fortifications
Rapid Fortifications
Medical Bunker
Pak 40 Anti-tank Gun Team
Support Elements
StuG III G Assault Gun
StuG III G Assault Gun
Pioneer Squad
Selects Artillery Officer
Selects Obice da 210/22 Artillery Emplacement
StuG III G Assault Gun
Panzergrenadier Squad
Pak 40 Anti-tank Gun Team
Selects Bulwark
Grenadier Squad
STEVEBUSMILK
jorge7289
0
0
Comments
sign in to comment!
No comments posted yet!